 Dungeon Crawl Stone Soup version 0.28-a0-265-g048bc9fd10 (webtiles) character file.

Game seed: 245339252791881990

82 Shayle the Ducker (level 4, -2/34 HPs)
             Began as a Djinni Warper on Aug 27, 2021.
             Slain by a water moccasin (5 damage)
             ... on level 4 of the Dungeon.
             The game lasted 00:08:04 (3128 turns).

Shayle the Ducker (Djinni Warper)                   Turns: 3128, Time: 00:08:05

Health: -2/34      AC:  3    Str: 10    XL:     4   Next: 70%
Gold:   60         EV: 12    Int: 16    God:
                   SH:  0    Dex: 12

rFire   + + .      SeeInvis .   g - +0 flail
rCold   x . .      Faith    .   (no shield)
rNeg    + . .      Spirit   .   a - +0 leather armour
rPois   ∞          Reflect  .   (no helmet)
rElec   .          Harm     .   (no cloak)
rCorr   .          Rampage  .   (no gloves)
Will    .....                   (boots unavailable)
Stlth   +.........              (no amulet)
HPRegen 0.11/turn               k - ring of positive energy
MPRegen 0.00/turn               (no ring)

@: flying
A: sickness immunity, fire resistance 2, cold vulnerability 1, float, innate
caster, hp casting, extra vitality 1
a: no special abilities


You were on level 4 of the Dungeon.
You visited 1 branch of the dungeon, and saw 5 of its levels.

You collected 60 gold pieces.

Inventory:

Hand Weapons
 d - a +0 spear
 g - a +0 flail (weapon)
 h - a +1 dagger of protection
Missiles
 c - 5 boomerangs of dispersal (quivered)
Armour
 a - a +0 leather armour (worn)
Jewellery
 k - a ring of positive energy (left hand)
Scrolls
 i - a scroll of identify {unknown}
Potions
 e - a potion of resistance {unknown}


   Skills:
 + Level 2.8 Fighting
 - Level 0.7 Throwing
 - Level 1.0 Armour
 + Level 3.1 Dodging
 + Level 2.8 Unarmed Combat
 + Level 2.9 Spellcasting


You couldn't memorise any spells.
You knew the following spells:

 Your Spells              Type           Power      Damage    Failure   Level
a - Blink                 Tloc           N/A        N/A       12%         2
b - Lesser Beckoning      Tloc           5%         N/A       24%         3
c - Gell's Gravitas       Tloc           5%         N/A       24%         3
d - Teleport Other        Tloc           11%        N/A       24%         3
e - Manifold Assault      Tloc           11%        N/A       91%         5
f - Apportation           Tloc           22%        N/A       8%          1
Your spell library was empty.

Dungeon Overview and Level Annotations

Branches:
Dungeon (5/15)
 Temple: D:4-7

Altars:

Shops:
D:1 =:

Annotations:
D:5 Prince Ribbit


Innate Abilities, Weirdness & Mutations

You are immune to sickness and miasma.
You are immune to poison.
Your flesh is very heat resistant. (rF++)
You are vulnerable to cold. (rC-)
You float through the air rather than walking.
You learn spells naturally, not from books.
Your magical power is your life essence.
You have superior vitality. (+4 HP)


Message History

It was a potion of curing.
You feel better. The quokka closely misses you. The water moccasin bites you.
The orc priest looks encouraged for a moment.
The water moccasin bites you.
Found a stone staircase leading up.
The howler monkey hoots and howls with incredible vigour!
The quokka bites you.
* * * LOW HITPOINT WARNING * * *
The howler monkey hoots and howls with incredible vigour!
The water moccasin bites you.
* * * LOW HITPOINT WARNING * * *
A howler monkey opens the door.
The water moccasin closely misses you. The water moccasin barely misses you.
There is a stone staircase leading up here.
The orc priest miscasts a cantrip.
The water moccasin bites you.
* * * LOW HITPOINT WARNING * * *
You fly upwards.
Reactivating autopickup.
Found three items.
Found a stone staircase leading down.
There is a stone staircase leading down here.
You feel better. The water moccasin barely misses you.
Casting: Teleport Other (quite dangerous; 24% risk of failure)
Confirm with . or Enter, or press ? or * to list all spells.
The spell is quite dangerous to cast (24% risk of failure)!
Continue anyway?
Aiming: Teleport Other (quite dangerous; 24% risk of failure)
Press: ? - help, Shift-Dir - straight line, f - water moccasin
Aim: a water moccasin (lightly wounded, chance to affect: 47%)
The water moccasin resists with some effort.
The water moccasin bites you!
* * * LOW HITPOINT WARNING * * *
The water moccasin bites you.
* * * LOW HITPOINT WARNING * * *
Blink to where?
Press: ? - help, Dir - move target, p - water moccasin
As you read the scroll of blinking, it crumbles to dust.
As you read the scroll labelled DOAWITOU WIFI, it crumbles to dust.
The creatures around you are filled with an inner flame!
It was a scroll of immolation.
The water moccasin bites you.
You die...

#.## #...#####
#..## #......####
#...###..........
#........§..?....
#.."###..>......
#..## ##........
#..# ##..!...#
#S## .....## #@#
#...## #.# ####
.## #. #. .# . ..


You could see a water moccasin (inner flame).

Vanquished Creatures
  3 adders
  A worm (D:2)
  2 dart slugs
  5 bats
  4 endoplasms
  A giant cockroach (D:2)
  9 goblins
  5 hobgoblins
  4 jackals
  2 ball pythons (D:1)
  2 frilled lizards (D:1)
  3 kobolds (D:1)
  A rat (D:2)
42 creatures vanquished.

Vanquished Creatures (others)
  A plant (D:1)
1 creature vanquished.

Grand Total: 43 creatures vanquished

Notes
Turn   | Place    | Note
-------+----------+-------------------------------------------
     0 | D:1      | Shayle the Djinni Warper began the quest for the Orb.
     0 | D:1      | Reached XP level 1. HP: 18/18 MP: 0/0
   505 | D:2      | Reached XP level 2. HP: 22/23 MP: 0/0
   907 | D:1      | Found Akaff's Jewellery Boutique.
  1000 | D:1      | Reached XP level 3. HP: 10/29 MP: 0/0
  1000 | D:1      | Learned a level 1 spell: Apportation
  1537 | D:1      | Found Kuererou's Book Shoppe.
  1798 | D:2      | Found a faded altar of an unknown god.
  2068 | D:2      | Reached XP level 4. HP: 20/34 MP: 0/0
  2465 | D:2      | Reached skill level 3 in Dodging
  3039 | D:3      | You are sucked into a shaft and drop 2 floors!
  3039 | D:5      | Entered Level 5 of the Dungeon
  3065 | D:5      | Noticed Prince Ribbit
  3106 | D:5      | Noticed a water moccasin
  3128 | D:4      | Slain by a water moccasin

Illustrated notes

Levels and vault maps discovered:
D:1:      dpeg_arrival_castle, layout_rooms, serial_shops,
          nicolae_shop_temple_entry_statues_fountains,
          nicolae_shop_window_shopping, serial_park_tiny_pond,
          grunt_decor_resistance, serial_bayou_lagoon_b
D:2:      layout_loops_corners, ebering_ecumenical_altar_webs
D:3:      layout_basic, ebering_dispersal_statue_hall
D:4:      layout_cave_pods, nicolae_uskayaw_en_pointe,
          nemelex_xobeh_ov_fountains_minmay, kennysheep_pointless_box
D:5:      layout_basic, bloody_makhleb, serial_shops, nicolae_shop_waterfront,
          uniq_prince_ribbit1

Skill      XL: |  1  2  3  4 |
---------------+-------------+-----
Dodging        | 3 |  3.1
Fighting       | |  2.8
Throwing       | |  0.7
Armour         | |  1.0
Unarmed Combat | |  2.8
Spellcasting   | |  2.9

Action                   |  1- 3 |  4- 6 || total
-------------------------+-------+-------++-------
Melee: Spear             |    38 |       ||    38
       Flail             |    93 |    37 ||   130
 Cast: Teleport Other    |       |     2 ||     2
  Use: Scroll            |       |     2 ||     2
       Potion            |       |     2 ||     2
 Stab: Sleeping          |       |     1 ||     1
Armor: Leather armour    |    40 |    10 ||    50
Dodge: Dodged            |   110 |    34 ||   144

Table legend: (Time is in decaauts)
 A = Elapsed time spent in this place.
 B = Non-inter-level travel time spent in this place.
 C = Inter-level travel time spent in this place.
 D = Time resting spent in this place.
 E = Time spent auto-exploring this place.
 F = Levels seen in this place.
 G = Mean time per level.
                   A        B        C        D        E       F      G
               +--------+--------+--------+--------+--------+-----+--------+
         Total |   3182 |   3126 |     56 |    672 |   1854 |   5 |  636.4 |
       Dungeon |   3182 |   3126 |     56 |    672 |   1854 |   5 |  636.4 |
               +--------+--------+--------+--------+--------+-----+--------+

Top non-repeatable levels by time:
     D:2: 1629 daAuts
     D:1: 998 daAuts
     D:3: 465 daAuts
     D:5: 81 daAuts
     D:4: 7 daAuts
